 Dungeon Crawl Stone Soup version 0.20-a0-454-g2b43fbb (webtiles) character file.

224 Ijustatesigmund the Skirmisher (level 6, -9/57 HPs)
             Began as a Hill Orc Fighter on Jan 9, 2017.
             Mangled by an orc
             ... wielding a +0 whip of electrocution
              (11 damage)
             ... on level 3 of the Dungeon.
             The game lasted 00:04:45 (1703 turns).

Ijustatesigmund the Skirmisher (Hill Orc Fighter)   Turns: 1703, Time: 00:04:47

Health: -9/57      AC: 10    Str: 19    XL:     6   Next: 0%
Magic:  6/6        EV: 10    Int:  8    God:
Gold:   57         SH:  9    Dex: 17    Spells: 5/5 levels left

rFire  . . .     SeeInvis .     a - +0 war axe
rCold  . . .     Gourm    .     q - +0 chain mail
rNeg   + + .     Faith    .     c - +0 shield
rPois  .         Spirit   .     (no helmet)
rElec  .         Reflect  .     (no cloak)
rCorr  .         Harm     .     (no gloves)
MR     .....                    n - +0 pair of boots
Stlth  ..........               l - amulet of rage
                                m - ring of positive energy
                                h - ring of positive energy

@: agile, exhausted, slowed, very slow
A: no striking features
a: Evoke Berserk Rage


You were on level 3 of the Dungeon.
You were hungry.

You visited 1 branch of the dungeon, and saw 3 of its levels.

You collected 57 gold pieces.

Inventory:

Hand Weapons
 a - a +0 war axe (weapon)
Armour
 c - a +0 shield (worn)
 n - a +0 pair of boots (worn)
 q - a +0 chain mail (worn)
Jewellery
 h - a ring of positive energy (left hand)
 l - an amulet of rage (around neck)
 m - a ring of positive energy (right hand)
Potions
 d - a potion of might
 e - 2 potions of agility
 i - a potion of flight
 j - a potion of curing
 k - a potion of beneficial mutation {unknown}
Comestibles
 f - a bread ration
 g - a meat ration


   Skills:
 + Level 6.0 Fighting
 + Level 5.9 Axes
 - Level 3.2 Armour
 - Level 3.2 Shields


You had 5 spell levels left.
You didn't know any spells.

Dungeon Overview and Level Annotations

Branches:
Dungeon (3/15)

Altars:
Okawaru
Qazlal
Vehumet


Message History

Your base attributes are Str 19, Int 8, Dex 11.
Increase (S)trength, (I)ntelligence, or (D)exterity?
You feel agile.
You are no longer berserk.
You are exhausted.
You feel yourself slow down.
You feel agile all of a sudden. You block the orc's attack.
It was a potion of curing.
You feel better. You block the orc's attack.
You barely miss the orc. You block the orc's attack. x2
Your shield and chain mail prevent you from hitting the orc.
You block the orc's attack. The orc barely misses you.
You hit the orc.
The orc is severely wounded.
The orc hits you with a whip of electrocution.
* * * LOW HITPOINT WARNING * * *
You are electrocuted!
* * * LOW HITPOINT WARNING * * *
The orc hits you but does no damage.
You are electrocuted!
You die...

#...#########.#### ## .
+................# #.
..#.............##.# #.
.....#..........##.###.
.......................
....#..........##.##.#
... #..........##.##.#
#.##....#####.##..
#@##....#...#.##..
#o##....#.....##..
ooo.....#.....##..
.?.##....##........
....##....##....#...
.....##.###..........
......##.......#......
.....#.##.......#......
#.....###......


You could see 4 orcs.

Vanquished Creatures
  2 orc priests (D:3)
  2 orc wizards (D:3)
  5 adders
  An ooze (D:1)
  A worm (D:2)
  4 dart slugs (D:2)
  3 leopard geckos
  3 giant cockroaches
  5 goblins
  3 hobgoblins
  8 kobolds
  A quokka (D:2)
  A ball python (D:1)
  6 bats
  5 frilled lizards
  4 rats
54 creatures vanquished.

Notes
Turn   | Place    | Note
-------+----------+-------------------------------------------
     0 | D:1      | Ijustatesigmund the Hill Orc Fighter began the quest for the Orb.
     0 | D:1      | Reached XP level 1. HP: 19/19 MP: 1/1
    96 | D:1      | Reached skill level 4 in Fighting
    96 | D:1      | Reached XP level 2. HP: 27/27 MP: 2/2
   454 | D:1      | Reached XP level 3. HP: 33/33 MP: 3/3
   911 | D:2      | Found a stormy altar of Qazlal.
   914 | D:2      | Reached XP level 4. HP: 39/41 MP: 4/4
   916 | D:2      | Noticed an earth elemental
   916 | D:2      | Noticed a fire elemental
   927 | D:2      | Noticed an air elemental
   947 | D:2      | Noticed a water elemental
  1073 | D:2      | Reached skill level 5 in Fighting
  1186 | D:2      | Found an iron altar of Okawaru.
  1310 | D:2      | Found a radiant altar of Vehumet.
  1688 | D:3      | Reached skill level 5 in Axes
  1688 | D:3      | Reached XP level 5. HP: 16/48 MP: 5/5
  1698 | D:3      | Reached skill level 6 in Fighting
  1698 | D:3      | Reached XP level 6. HP: 8/57 MP: 6/6
  1703 | D:3      | HP: 2/57 [orc/whip of electrocution (12)]
  1703 | D:3      | Mangled by an orc

Vault maps used:
D:1:      lightli_iron_boxes
D:2:      marbit_many_paths, nicolae_qazlal_style_of_elements,
          okawaru_ov_weapons_minmay
D:3:      lemuel_crystal_altar

Skill      XL: |  1  2  3  4  5 |
---------------+----------------+-----
Axes           | 3 4 5 |  5.9
Fighting       | 4 5 6 |  6.0
Armour         | |  3.2
Shields        | |  3.2

Action                   |  1- 3 |  4- 6 || total
-------------------------+-------+-------++-------
Melee: War axe           |   109 |    87 ||   196
 Abil: Evoke Berserk Rag |       |     1 ||     1
  Use: Scroll            |     1 |     2 ||     3
       Potion            |       |     2 ||     2
  Eat: Chunk             |       |     3 ||     3
Armor: Scale mail        |    57 |    25 ||    82
       Chain mail        |       |     5 ||     5
Dodge: Dodged            |    33 |    19 ||    52
Block: Shield            |    63 |    51 ||   114
